 Dungeon Crawl Stone Soup version 0.30.1-9-gdf580d7c3d (webtiles) character file.

Game seed: 601507013478800935

520 Ivernyr the Shield-Bearer (level 7, -1/55 HPs)
             Began as a Formicid Fighter on Oct 6, 2023.
             Slain by a kobold brigand
             ... wielding a +0 dagger
              (3 damage)
             ... in a sewer.
             The game lasted 00:06:14 (2264 turns).

Ivernyr the Shield-Bearer (Formicid Fighter)        Turns: 2264, Time: 00:06:14

Health: -1/55      AC:  7    Str: 21    XL:     7   Next: 45%
Magic:  7/7        EV:  9    Int:  7    God:
Gold:   116        SH:  5    Dex: 15    Spells: 6/6 levels left

rFire   . . .        a - +0 long sword
rCold   . . .        c - +0 buckler
rNeg    . . .        b - +0 scale mail
rPois   .            (helmet unavailable)
rElec   .            (no cloak)
rCorr   .            (no gloves)
SInv    +            (no boots)
Will    .....        (no amulet) Stlth
                     (no ring)
HPRegen 0.29/turn    (no ring)
MPRegen 0.10/turn

%: no passive effects
@: no status effects
A: permanent stasis, dig shafts and tunnels, antennae 3, four strong arms
a: Dig


You were in a sewer.
You visited 1 branch of the dungeon, and saw 3 of its levels.
You also visited: Sewer.

You collected 116 gold pieces.

Inventory:

Hand Weapons
 a - a +0 long sword (weapon)
Armour
 b - a +0 scale mail (worn)
 c - a +0 buckler (worn)
Wands
 l - a wand of digging (7)
Scrolls
 f - 2 scrolls of identify {unknown}
 h - 3 scrolls of teleportation {unknown}
 i - a scroll of magic mapping {unknown}
 m - a scroll of fear {unknown}
Potions
 d - a potion of degeneration {unknown}
 g - 2 potions of haste {unknown}
 j - a potion of attraction {unknown}
 k - a potion of flight {unknown}


   Skills:
 + Level 4.8 Fighting
 * Level 5.0 Long Blades
 + Level 4.9 Armour
 + Level 5.8 Shields


You had 6 spell levels left.
You didn't know any spells.
Your spell library contained the following spells:

 Spells                   Type           Power      Damage    Failure   Level
 Inner Flame              Hex/Fire       0%         N/A       99%         3
 Flame Wave               Conj/Fire      0%         2d4       100%        4
 Sticky Flame             Conj/Fire      0%         2d3       100%        4
 Alistair's Intoxication  Tmut/Pois      0%         N/A       100%        5
 Borgnjor's Vile Clutch   Necr/Erth      0%         N/A       100%        5
 Eringya's Noxious Bog    Tmut/Pois      0%         N/A       100%        6


Dungeon Overview and Level Annotations

Branches:
Dungeon (3/15)              Sewer (1/1)

Altars:
The Shining One


Innate Abilities, Weirdness & Mutations

You cannot be hasted, slowed, berserked, paralysed or teleported.
You can dig through walls and to a lower floor.
You have a pair of large antennae on your head. (SInv)
Your four strong arms can wield two-handed weapons with a shield.


Message History

Your Long Blades skill increases to level 5!
You hit the kobold brigand.
The kobold brigand is lightly wounded.
You block the kobold brigand's attack. The kobold brigand barely misses you.
You hit the kobold brigand.
The kobold brigand is moderately wounded.
The kobold brigand hits you with a +0 dagger.
* * * LOW HITPOINT WARNING * * *
You barely miss the kobold brigand.
The kobold brigand is moderately wounded.
You block the kobold brigand's attack.
You barely miss the kobold brigand.
The kobold brigand is moderately wounded.
You block the kobold brigand's attack.
You closely miss the kobold brigand.
The kobold brigand is moderately wounded.
You block the kobold brigand's attack.
You hit the kobold brigand but do no damage.
The kobold brigand is moderately wounded.
The kobold brigand closely misses you.
You hit the kobold brigand.
The kobold brigand is moderately wounded.
The kobold brigand hits you with a +0 dagger.
* * * LOW HITPOINT WARNING * * *
The kobold brigand hits you with a +0 dagger.
* * * LOW HITPOINT WARNING * * *
You hit the kobold brigand.
The kobold brigand is moderately wounded.
The kobold brigand hits you with a +0 dagger.
* * * LOW HITPOINT WARNING * * *
You closely miss the kobold brigand.
The kobold brigand is moderately wounded.
The kobold brigand hits you but does no damage.
You slash the kobold brigand!
The kobold brigand is severely wounded.
You block the kobold brigand's attack.
You slash the kobold brigand!
The kobold brigand is almost dead.
The kobold brigand hits you with a +0 dagger.
You die...

#### #...
#.∩! ## #..!
~≈~#..[ ###
~~~##''###K##
~≈~~~~~KK.#@#
~≈~#P~~.K####
#~~...#
#P~~..#
#.....#
#.....#
#..P.##
#~~..## ~
#~~...###


You could see a kobold brigand.

Vanquished Creatures
  Sigmund (D:2)
  2 kobold brigands (Sewer)
  An orc priest (D:1)
  An orc wizard (D:1)
  Natasha (twice) (D:2)
  A gnoll (D:1)
  3 adders
  4 dart slugs
  3 orcs
  5 endoplasms
  9 giant cockroaches
  6 goblins (D:1)
  8 hobgoblins
  2 jackals (D:1)
  4 kobolds
  2 quokkas (D:3)
  3 ball pythons (D:1)
  7 bats
  8 frilled lizards
  6 rats
78 creatures vanquished.

Notes
Turn   | Place    | Note
-------+----------+-------------------------------------------
     0 | D:1      | Ivernyr the Formicid Fighter began the quest for the Orb.
     0 | D:1      | Reached XP level 1. HP: 18/18 MP: 1/1
   111 | D:1      | Reached XP level 2. HP: 20/24 MP: 2/2
   171 | D:1      | Reached XP level 3. HP: 20/29 MP: 3/3
   758 | D:1      | Reached XP level 4. HP: 37/37 MP: 4/4
   845 | D:1      | Reached XP level 5. HP: 9/42 MP: 5/5
  1493 | D:2      | Found a glowing golden altar of the Shining One.
  1496 | D:2      | Noticed Sigmund
  1504 | D:2      | Killed Sigmund
  1505 | D:2      | Reached skill level 5 in Shields
  1505 | D:2      | Reached XP level 6. HP: 37/49 MP: 6/6
  1578 | D:2      | Noticed Natasha
  1591 | D:2      | Killed Natasha
  1738 | D:2      | Noticed Natasha
  1762 | D:2      | Killed Natasha
  2087 | D:3      | Found a glowing drain.
  2105 | D:3      | Reached XP level 7. HP: 48/55 MP: 7/7
  2115 | Sewer    | Entered a sewer
  2254 | Sewer    | Reached skill level 5 in Long Blades
  2261 | Sewer    | HP: 1/55 [kobold brigand/+0 dagger (4)]
  2264 | Sewer    | Slain by a kobold brigand

Illustrated notes

Levels and vault maps discovered:
D:1:      psy_arrival_heroes, layout_basic, st_stairs_11,
          grunt_decor_mini_mirrors, minmay_shallow_snake_nest
D:2:      layout_basic, basic_altar, minmay_tetromino_s4, uniq_sigmund,
          uniq_natasha
D:3:      layout_basic, mainiacjoe_overflow_alcove_4, gup_sewer_entry_pipe
Sewer:    kennysheep_pipe_town

Skill      XL: |  1  2  3  4  5  6  7 |
---------------+----------------------+-----
Long Blades    | 3 4 5 |  5.0
Armour         | 4 |  4.9
Fighting       | 4 |  4.8
Shields        | 5 |  5.8

Action                     |  1- 3 |  4- 6 |  7- 9 || total
---------------------------+-------+-------+-------++-------
  Melee: Long sword        |    88 |   172 |    51 ||   311
Ability: Dig               |       |       |     1 ||     1
    Use: Potion            |       |     1 |     2 ||     3
 Armour: Scale mail        |    60 |    66 |    22 ||   148
  Dodge: Dodged            |    44 |    83 |    26 ||   153
  Block: Buckler           |    26 |    45 |    21 ||    92
